 Dungeon Crawl Stone Soup version 0.25-a0-503-ge281fa673e (webtiles) character file.

Game seed: 16011305327387327011, levelgen mode: deterministic

18 Eurus the Conjurer (level 2, -2/20 HPs)
             Began as a Mummy Conjurer on Feb 13, 2020.
             Slain by a worm (11 damage)
             ... on level 2 of the Dungeon.
             The game lasted 00:02:16 (737 turns).

Eurus the Conjurer (Mummy Conjurer)                  Turns: 737, Time: 00:02:16

Health: -2/20      AC:  3    Str: 11    XL:     2   Next: 51%
Magic:  0/6        EV: 12    Int: 14    God:
Gold:   38         SH:  0    Dex: 12    Spells: 4/7 levels left

rFire    x . .     SeeInvis .   d - +0 dagger
rCold    + . .     Gourm    .   (no shield)
rNeg     + + +     Faith    .   a - +0 robe
rPois    ∞         Spirit   .   (no helmet)
rElec    .         Reflect  .   (no cloak)
rCorr    .         Harm     .   c - +0 pair of gloves
MR       .....                  (no boots)
Stlth    ++........             (no amulet)
HPRegen  0.06/turn              (no ring)
MPRegen  0.10/turn              (no ring)

@: no status effects
A: no food or potions, fire vulnerability, cold resistance 1, negative energy
resistance 3, torment resistance, unbreathing
a: no special abilities


You were on level 2 of the Dungeon.
You were not hungry.

You visited 1 branch of the dungeon, and saw 2 of its levels.

You collected 38 gold pieces.

Inventory:

Hand Weapons
 d - a +0 dagger (weapon)
Armour
 a - a +0 robe (worn)
 c - a +0 pair of gloves (worn)
Jewellery
 b - an uncursed amulet of the gourmand {unknown}
Scrolls
 e - a scroll of remove curse {unknown}


   Skills:
 + Level 0.9 Fighting
 - Level 1.5 Dodging
 - Level 1.5 Stealth
 + Level 3.0 Spellcasting
 * Level 3.6 Conjurations


You had 4 spell levels left.
You knew the following spells:

 Your Spells              Type           Power        Failure   Level  Hunger
a - Magic Dart            Conj           ##..         4%          1    N/A
b - Searing Ray           Conj           ##....       8%          2    N/A

Your spell library contained the following spells:

 Spells                   Type           Power        Failure   Level  Hunger
 Dazzling Flash           Conj/Hex       #.....       30%         3    N/A
 Fulminant Prism          Conj/Hex       #.........   71%         4    N/A
 Iskenderun's Mystic Bla  Conj/Tloc      #.......     71%         4    N/A

Dungeon Overview and Level Annotations

Branches:
Dungeon (2/15)

Altars:


Innate Abilities, Weirdness & Mutations

You do not eat or drink.
Your flesh is vulnerable to fire.
You are immune to poison.
Your flesh is cold resistant. (rC+)
You are immune to negative energy. (rN+++)
You are immune to unholy pain and torment.
You can survive without breathing.


Message History

The worm is almost dead.
The dart slug launches a dart at you. The slug dart misses you.
The worm bites you.
You hit the worm but do no damage.
The worm is almost dead.
The dart slug barely misses you.
You hit the worm but do no damage.
The worm is almost dead.
The worm bites you.
You hit the worm but do no damage.
The worm is almost dead.
The dart slug bites you. The worm bites you.
You hit the worm but do no damage.
The worm is severely wounded.
The dart slug closely misses you.
You hit the worm but do no damage.
The worm is severely wounded.
The worm bites you!
Ouch! That really hurt!
You die...

## .. #####.
(..#.### #.
.....
.#...#w.##.##..
......w@......#
###..#####.####
... .


You could see a worm and a dart slug.

Vanquished Creatures
  A dart slug (D:1)
  4 bats (D:1)
  2 goblins (D:1)
  2 hobgoblins (D:1)
  4 kobolds (D:1)
  A frilled lizard (D:1)
  3 rats (D:1)
17 creatures vanquished.

Notes
Turn   | Place    | Note
-------+----------+-------------------------------------------
     0 | D:1      | Eurus the Mummy Conjurer began the quest for the Orb.
     0 | D:1      | Reached XP level 1. HP: 13/13 MP: 4/4
   323 | D:1      | Reached XP level 2. HP: 20/20 MP: 3/5
   327 | D:1      | Learned a level 2 spell: Searing Ray
   737 | D:2      | Slain by a worm

Levels and vault maps discovered:
D:1:      co_arrival_random_square_maze, layout_basic, minmay_tree_intersection
D:2:      layout_loops_cross, yredelemnul_altar_generic, minmay_lizard_pond

Skill      XL: |  1  2 |
---------------+-------+-----
Spellcasting   | 3 |  3.0
Fighting       | |  0.9
Dodging        | |  1.5
Stealth        | |  1.5
Conjurations   | |  3.6

Action                   || total
-------------------------++-------
Melee: Dagger            ||    22
       Club              ||     1
 Cast: Magic Dart        ||    27
       Searing Ray       ||     1
 Stab: Sleeping          ||     1
Armor: Robe              ||     3
Dodge: Dodged            ||    19

Table legend:
 A = Non-vault XP
 B = Vault XP
 C = Vault XP percentage of total XP
 D = Non-vault monster count
 E = Vault monster count
 F = Vault count percentage of total count
                 A         B        C        D         E       F
            +---------+---------+-------+---------+---------+-------
      Total |      27 |       0 |   0.0 |      17 |       0 |   0.0
            +---------+---------+-------+---------+---------+-------
        D:1 |      27 |       0 |   0.0 |      17 |       0 |   0.0
            +---------+---------+-------+---------+---------+-------
